 Dungeon Crawl Stone Soup version 0.21-a0-414-gba8bdf1 (webtiles) character file.

115 slep the Skirmisher (level 4, -2/35 HPs)
             Began as a Demonspawn Wanderer on Nov 3, 2017.
             Killed from afar by an orc wizard (7 damage)
             ... with a magic dart
             ... on level 3 of the Dungeon.
             The game lasted 00:07:45 (1716 turns).

slep the Skirmisher (Demonspawn Wanderer)           Turns: 1716, Time: 00:07:45

Health: -2/35      AC:  3    Str: 12    XL:     4   Next: 68%
Magic:  9/9        EV:  9    Int: 14    God:
Gold:   203        SH:  7    Dex: 13    Spells: 9/9 levels left

rFire    . . .     SeeInvis +   b - +0 spear
rCold    . . .     Gourm    .   j - +0 shield
rNeg     . . .     Faith    .   h - +0 leather armour
rPois    .         Spirit   .   (helmet restricted)
rElec    .         Reflect  .   (no cloak)
rCorr    .         Harm     .   (no gloves)
MR       .....     Rnd*Tele +   (no boots)
Stlth    +.........             (no amulet)
HPRegen  0.11/turn              g - ring of teleportation (curse)
MPRegen  0.11/turn              u - ring of see invisible

@: no status effects
A: horns 2, demonic guardian 1
a: no special abilities


You were on level 3 of the Dungeon.
You were not hungry.

You visited 1 branch of the dungeon, and saw 3 of its levels.

You collected 203 gold pieces.

Inventory:

Hand Weapons
 b - a +0 spear (weapon)
 y - a +0 dagger of speed
Armour
 d - a +0 robe
 h - a +0 leather armour (worn)
 j - a +0 shield (worn)
Jewellery
 g - a cursed ring of teleportation (left hand)
 u - a ring of see invisible (right hand)
Scrolls
 e - a scroll of remove curse {unknown}
 i - 2 scrolls of teleportation {unknown}
 k - a scroll of magic mapping {unknown}
 l - 4 scrolls of identify {unknown}
 n - 2 scrolls of fog {unknown}
 q - a scroll of noise {unknown}
 r - a scroll of blinking {unknown}
 t - a scroll of fear {unknown}
 w - a scroll of enchant armour {unknown}
 B - a scroll of immolation {unknown}
Potions
 c - a potion of curing
 m - a potion of berserk rage
 o - 2 potions of lignification {unknown}
 p - a potion of cancellation {unknown}
 x - a potion of heal wounds {unknown}
 A - 2 potions of resistance {unknown}
Books
 a - a book of Minor Magic

   Spells                             Type                      Level
   a - Magic Dart                     Conjuration                  1
   b - Blink                          Translocation                2
   c - Call Imp                       Summoning                    2
   d - Slow                           Hexes                        2
   e - Conjure Flame                  Conjuration/Fire             3
   f - Mephitic Cloud                 Conjuration/Poison/Air       3
Comestibles
 f - a bread ration
 s - a meat ration
 v - a royal jelly
 z - 3 fruits


   Skills:
 + Level 3.5 Fighting
 + Level 1.8 Polearms
 + Level 1.1 Throwing
 + Level 1.0 Armour
 + Level 1.5 Dodging
 + Level 0.5 Stealth
 + Level 0.5 Shields
 + Level 3.3 Spellcasting
   Level 2.1 Necromancy
   Level 1.0 Evocations


You had 9 spell levels left.
You didn't know any spells.

Dungeon Overview and Level Annotations

Branches:
Dungeon (3/15)

Altars:
Trog
Xom


Innate Abilities, Weirdness & Mutations

You have a pair of horns on your head.
A weak demonic guardian rushes to your aid.


Message History

You swap places.
The orc wizard hits you with a dagger.
* * * LOW HITPOINT WARNING * * *
You closely miss the orc wizard.
The orc wizard is moderately wounded.
The orc wizard barely misses you.
You barely miss the orc wizard.
The orc wizard is moderately wounded.
You block the orc wizard's attack. The orc wizard barely misses you.
You hit the orc wizard.
The orc wizard is severely wounded.
The orc wizard hits you but does no damage. x2
You closely miss the orc wizard. You headbutt the orc wizard.
The orc wizard is almost dead.
The orc wizard hits you with a dagger.
* * * LOW HITPOINT WARNING * * *
You barely miss the orc wizard.
The orc wizard is almost dead.
The orc wizard casts a spell at you. The magic dart hits you!
You die...

... #.. #.#
.#.####.#
........######
.##.###..#....#
..............#
##.###.##.########
#.......5@o......
#####.##.#..#####
#.##)#.....
#.##.##.#### .
#.##†# .#
#.#######.##.# .#
..........##.# #
..........##.#
..........#...


You could see an orc wizard and a friendly ufetubus.

Vanquished Creatures
  An orc priest (D:3)
  2 adders
  An ooze (D:1)
  A dart slug (D:2)
  4 leopard geckos
  4 orcs (D:2)
  2 ball pythons (D:2)
  2 giant cockroaches (D:1)
  A hobgoblin (D:2)
  3 kobolds (D:1)
  5 bats
  A frilled lizard (D:2)
  4 goblins
  5 rats
  A fungus (D:1)
37 creatures vanquished.

Vanquished Creatures (collateral kills)
  A jelly (D:2)
  An adder (D:2)
  An orc (D:3)
  A bat (D:2)
  A goblin (D:2)
5 creatures vanquished.

Grand Total: 42 creatures vanquished

Notes
Turn   | Place    | Note
-------+----------+-------------------------------------------
     0 | D:1      | slep the Demonspawn Wanderer began the quest for the Orb.
     0 | D:1      | slep set off with: a book of Minor Magic, a +0 spear, a potion of curing, a +0 robe, a bread ration
     0 | D:1      | Reached XP level 1. HP: 18/18 MP: 4/4
   157 | D:1      | Gained mutation: A weak demonic guardian rushes to your aid. [demonic ancestry]
   157 | D:1      | Reached XP level 2. HP: 15/24 MP: 6/6
   779 | D:2      | Reached skill level 1 in Polearms
   784 | D:2      | Reached skill level 1 in Dodging
   784 | D:2      | Gained mutation: You have a pair of small horns on your head. [demonic ancestry]
   784 | D:2      | Reached XP level 3. HP: 23/29 MP: 7/7
  1038 | D:2      | Found a shimmering altar of Xom.
  1115 | D:2      | Found a bloodstained altar of Trog.
  1332 | D:2      | Gained mutation: You have a pair of horns on your head. [demonic ancestry]
  1332 | D:2      | Reached XP level 4. HP: 22/35 MP: 9/9
  1361 | D:2      | HP: 2/52 [orc/dagger (2)]
  1708 | D:3      | Reached skill level 1 in Armour
  1716 | D:3      | Killed from afar by an orc wizard

Vault maps used:
D:1:      mainiacjoe_arrival_reflecting_pool, minmay_gold_behind_fungi
D:2:      kennysheep_big_flooded_room, nicolae_overflow_crystal_walls,
          marbit_many_paths, st_stairs_8
D:3:      grunt_qazlal_clouds

Skill      XL: |  1  2  3  4 |
---------------+-------------+-----
Polearms       | 1 |  1.8
Dodging        | 1 |  1.5
Armour         | 1 |  1.0
Fighting       | |  3.5
Throwing       | |  1.1
Stealth        | |  0.5
Shields        | |  0.5
Spellcasting   | |  3.3
Necromancy     | |  2.1
Evocations     | |  1.0

Action                   |  1- 3 |  4- 6 || total
-------------------------+-------+-------++-------
Melee: Spear             |   115 |    44 ||   159
       Headbutt          |     6 |     8 ||    14
  Use: Potion            |       |     1 ||     1
 Stab: Sleeping          |     2 |       ||     2
  Eat: Chunk             |     1 |     2 ||     3
Armor: Robe              |     8 |       ||     8
       Leather armour    |    13 |     5 ||    18
Dodge: Dodged            |    38 |    15 ||    53
Block: Shield            |    21 |    19 ||    40

Table legend:
 A = Spawn XP
 B = Non-spawn XP
 C = Spawn XP percentage of total XP
 D = Spawn monster count
 E = Non-spawn monster count
 F = Spawn count percentage of total count
 G = Total turns spent on level
                    A         B        C        D         E        F      G
               +---------+---------+-------+---------+---------+-------+---------
         Total |       0 |     165 |   0.0 |       0 |      41 |   0.0 |  1716
               +---------+---------+-------+---------+---------+-------+---------
           D:1 |       0 |      29 |   0.0 |       0 |      16 |   0.0 |   739
           D:2 |       0 |      79 |   0.0 |       0 |      21 |   0.0 |   886
           D:3 |       0 |      57 |   0.0 |       0 |       4 |   0.0 |    91
               +---------+---------+-------+---------+---------+-------+---------
